 Dungeon Crawl Stone Soup version 0.19.5 (webtiles) character file.

379 equalderp2856 the Scratcher (level 6, -1/28 HPs)
             Began as a Felid Fighter on Mar 7, 2017.
             Killed from afar by an electric eel (11 damage)
             ... with a bolt of electricity
             ... on level 6 of the Dungeon.
             The game lasted 00:19:50 (6772 turns).

equalderp2856 the Scratcher (Felid Fighter)         Turns: 6772, Time: 00:19:51

Health: -1/28      AC:  2    Str: 13    XL:     6   Next: 45%
Magic:  7/7        EV: 22    Int: 10    God:
Gold:   181        SH:  0    Dex: 16    Spells: 0 memorised, 5 levels left
                                        Lives:  0   Deaths: 2

rFire  . . .     SeeInvis +       - Unarmed
rCold  . . .     Gourm    .     (armour unavailable)
rNeg   . . .     Faith    .     (shield unavailable)
rPois  .         Spirit   .     (helmet unavailable)
rElec  .         Reflect  .     (cloak unavailable)
rCorr  .         Harm     .     (gloves unavailable)
MR     .....                    (boots unavailable)
Stlth  ++++......               (no amulet)
                                (no ring)
                                (no ring)

@: quick
A: no armour, no weapons or thrown items, stealth, claws 1, fangs 3, see
invisible, carnivore 3, speed 1, shaggy fur 2, slow metabolism 1, sharp paws
a: no special abilities


You were on level 6 of the Dungeon.
You were not hungry.

You visited 1 branch of the dungeon, and saw 6 of its levels.

You collected 181 gold pieces.

Inventory:

Missiles
 l - 59 arrows
Jewellery
 c - an uncursed ring of flight {unknown}
 k - a cursed ring of teleportation {unknown}
Wands
 g - a wand of acid (3/15)
Scrolls
 e - 5 scrolls of identify
 f - a scroll of enchant weapon
 q - a scroll of recharging {unknown}
 r - a scroll of magic mapping {unknown}
 s - a scroll of enchant armour {unknown}
Potions
 a - a potion of might
 d - 2 potions of lignification {unknown}
 h - a potion of berserk rage
 i - a potion of haste
 m - a potion of cure mutation {unknown}
 n - a potion of heal wounds {unknown}
 o - a potion of flight {unknown}
Books
 t - a book of Maledictions

   Spells                             Type                      Level
   a - Corona                         Hexes                        1
   b - Ensorcelled Hibernation        Hexes/Ice                    2
   c - Confuse                        Hexes                        3
   d - Tukima's Dance                 Hexes                        3
   e - Dazzling Spray                 Conjuration/Hexes            3
Comestibles
 b - 5 meat rations
 j - 3 fruits
 p - 2 beef jerkies
 u - a royal jelly


   Skills:
 + Level 3.6 Fighting
 + Level 6.4 Dodging
 + Level 5.9 Stealth
 + Level 7.7 Unarmed Combat


You had 5 spell levels left.
You didn't know any spells.

Dungeon Overview and Level Annotations

Branches:
Dungeon (6/15)
 Temple: D:4-7

Altars:
Cheibriados
Gozag
Hepliaklqana
Ru
Sif Muna


Innate Abilities, Weirdness & Mutations

You cannot wear armour.
You are incapable of wielding weapons or throwing items.
Your paws allow you to move quietly. (Stealth)
You have sharp claws.
You have razor-sharp teeth.
You have supernaturally acute eyesight. (SInv)
You are carnivorous and can eat meat at any time.
You cover ground quickly.
You are covered in thick fur. (AC +2)
You have a slow metabolism.
Your sharp claws are effective at attacking unaware monsters.


Message History

You die...
You are very lightly contaminated with residual magic.
You are now level 6!
You rejoin the land of the living...
Found a stone staircase leading down.
There is an open door here.
There is an open door here.
u - a royal jelly You hear the rapid rusting of a distant drain.
You enter the shallow water.
Moving in this stuff is going to be slow.
You enter the shallow water.
Moving in this stuff is going to be slow.
An electric eel comes into view.
You hear the rapid rusting of a distant drain.
The electric eel shoots out a bolt of lightning at you!
The bolt of electricity hits the plant. x2; The bolt of electricity hits you!
The electric eel shoots out a bolt of lightning at you!
The bolt of electricity hits the plant.
The bolt of electricity hits you! x2
You die...

...♣≈PP≈≈≈≈≈≈P≈≈
.#
##.≈♣≈≈P≈≈≈≈≈≈≈P
..#
#..♣♣≈≈P≈≈≈P≈♣♣♣.#
##.≈♣≈≈≈≈≈≈≈P;≈≈.#
#.♣≈≈♣≈≈≈♣≈P≈≈≈.#
#.≈♣P≈≈≈≈≈P≈♣P..#
#..≈♣≈≈≈≈P≈≈≈≈.#
###♣P≈≈≈P≈♣≈♣♣.#
#♣P♣≈≈≈♣≈..@#
##♣≈≈♣♣##### #♣≈≈#
####


You could see an electric eel.

Vanquished Creatures
  An ice beast (D:5)
  2 bullfrogs (D:6)
  2 howler monkeys
  3 crimson imps
  2 hounds
  An orc wizard (D:6)
  A bullfrog skeleton (D:4)
  A gnoll shaman (D:5)
  5 worker ants
  12 gnolls
  4 adders
  A shadow imp (D:5)
  An ooze (D:3)
  2 adder skeletons
  A worm (D:4)
  2 dart slugs
  6 leopard geckos
  8 orcs (D:3)
  3 ball pythons
  12 bats
  3 giant cockroaches
  9 goblins
  4 hobgoblins
  9 jackals
  A quokka (D:3)
  6 frilled lizards
  5 kobolds
  4 rats
111 creatures vanquished.

Notes
Turn   | Place    | Note
-------+----------+-------------------------------------------
     0 | D:1      | equalderp2856 the Felid Fighter began the quest for the Orb.
     0 | D:1      | Reached XP level 1. HP: 10/10 MP: 2/2
   329 | D:1      | Reached XP level 2. HP: 14/14 MP: 3/3
   875 | D:2      | Reached XP level 3. HP: 17/17 MP: 4/4
  1345 | D:2      | Reached skill level 1 in Stealth
  1543 | D:2      | Reached skill level 5 in Unarmed Combat
  1829 | D:2      | Reached XP level 4. HP: 21/21 MP: 5/5
  1918 | D:2      | Found a hazy altar of Hepliaklqana.
  1924 | D:2      | Found a deep blue altar of Sif Muna.
  2294 | D:3      | Found a snail-covered altar of Cheibriados.
  3018 | D:3      | Reached XP level 5. HP: 23/24 MP: 6/6
  3848 | D:4      | Reached skill level 6 in Unarmed Combat
  3975 | D:4      | Reached skill level 5 in Dodging
  4049 | D:4      | Gained mutation: You are covered in thick fur. (AC +2) [Felid growth]
  4049 | D:4      | Reached XP level 6. HP: 2/28 MP: 7/7
  4697 | D:5      | Entered Level 5 of the Dungeon
  4936 | D:4      | HP: 1/28 [hound (4)]
  4938 | D:4      | Slain by a hound
  4939 | D:4      | Reached XP level 5. HP: 0/24 MP: 6/6
  5010 | D:5      | Noticed an ice beast
  5018 | D:5      | Killed an ice beast
  5018 | D:5      | Reached XP level 6. HP: 28/28 MP: 7/7
  5036 | D:5      | Reached skill level 7 in Unarmed Combat
  6233 | D:6      | Reached skill level 5 in Stealth
  6302 | D:6      | Found a sacrificial altar of Ru.
  6310 | D:6      | Reached XP level 7. HP: 20/31 MP: 8/8
  6555 | D:6      | Found an opulent altar of Gozag.
  6717 | D:6      | Killed from afar by an electric eel
  6718 | D:6      | Reached XP level 6. HP: -3/28 MP: 7/7
  6772 | D:6      | Killed from afar by an electric eel

Skill      XL: |  1  2  3  4  5  6 |
---------------+-------------------+-----
Stealth        | 1 2 3 5 |  5.9
Unarmed Combat | 5 6 7 |  7.7
Dodging        | 5 6 |  6.4
Fighting       | |  3.6

Action                   |  1- 3 |  4- 6 |  7- 9 || total
-------------------------+-------+-------+-------++-------
Melee: Unarmed           |    98 |   227 |    40 ||   365
       Bite              |     3 |    19 |     4 ||    26
       Punch             |     1 |     3 |     1 ||     5
  Use: Potion            |     1 |     4 |     1 ||     6
       Scroll            |       |     6 |       ||     6
 Stab: Sleeping          |     5 |    14 |       ||    19
       Distracted        |     1 |     1 |       ||     2
       Paralysed         |       |       |     1 ||     1
  Eat: Chunk             |     5 |     2 |       ||     7
Armor: Skin              |     9 |     3 |     1 ||    13
Dodge: Dodged            |   112 |   163 |    33 ||   308
